 Dungeon Crawl Stone Soup version 0.30-a0-918-g0ff054e9dc (webtiles) character file.

Game seed: 12532389923617014702

158 NotreDorf the Slasher (level 5, -2/42 (43) HPs)
             Began as a Merfolk Berserker on Mar 20, 2023.
             Was a Priest of Trog.
             Slain by Blork the orc
             ... wielding a +0 short sword
              (5 damage)
             ... on level 4 of the Dungeon.
             The game lasted 00:09:19 (2486 turns).

NotreDorf the Slasher (Merfolk Berserker)           Turns: 2486, Time: 00:09:20

HP:   -2/42 (43)    AC:  3    Str: 19    XL:     5   Next: 40%
MP:   5/5           EV: 13    Int:  7    God:    Trog [***...]
Gold: 149           SH:  0    Dex: 13    Spells: 4/4 levels left

rFire   . . .      SeeInvis .    a - +0 falchion
rCold   . . .      Faith    .    s - orb {mayhem}
rNeg    + . .      Spirit   .    b - +0 animal skin
rPois   .          Reflect  .    (no helmet)
rElec   .          Rampage  .    q - +0 cloak
rCorr   .                        (no gloves)
Will    .....                    (no boots)
Stlth   +                        (no amulet)
HPRegen 0.27/turn                r - ring of positive energy
MPRegen 0.09/turn                (no ring)

@: lightly drained
A: (nimble swimmer 2), mertail
a: Renounce Religion, Berserk, Trog's Hand


You were on level 4 of the Dungeon.
You worshipped Trog.
Trog was most pleased with you.
You visited 1 branch of the dungeon, and saw 4 of its levels.

You collected 149 gold pieces.

Inventory:

Hand Weapons
 a - a +0 falchion (weapon)
Armour
 b - a +0 animal skin (worn)
 q - a +0 cloak (worn)
 s - an orb of mayhem (worn)
Jewellery
 h - a ring of flight
 r - a ring of positive energy (left hand)
 u - a ring of positive energy
 v - an amulet of the acrobat
Scrolls
 f - a scroll of silence {unknown}
 g - a scroll of noise {unknown}
 i - a scroll of blinking {unknown}
 j - 2 scrolls of magic mapping {unknown}
 k - a scroll of vulnerability {unknown}
 o - a scroll of immolation {unknown}
 t - a scroll of identify {unknown}
 w - a scroll of fog {unknown}
Potions
 c - a potion of lignification {unknown}
 d - a potion of brilliance {unknown}
 e - a potion of curing {unknown}
 l - 2 potions of attraction {unknown}
 m - 2 potions of degeneration {unknown}
 n - 2 potions of heal wounds {unknown}
 p - a potion of cancellation {unknown}


   Skills:
 + Level 4.6 Fighting
 + Level 5.0 Long Blades
 - Level 1.3 Armour
 + Level 4.6 Dodging


You had 4 spell levels left.
You didn't know any spells.
Your spell library was empty.

Dungeon Overview and Level Annotations

Branches:
Dungeon (4/15)
 Temple: D:4-7

Altars:

Annotations:
D:4 Blork the orc


Innate Abilities, Weirdness & Mutations

((You are very nimble when in or above water. (Stealth+, EV+, Speed+++)))
Your lower body shifts to a powerful aquatic tail in water.


Message History

The giant cockroach is severely wounded.
Blork the orc barely misses something.
The giant cockroach bites you.
Blork the orc hits something with a +0 short sword.
Trog accepts your kill.
You feel a bit more experienced. The giant cockroach bites you.
You hit the giant cockroach.
You kill the giant cockroach!
Trog accepts your kill.
Blork the orc hits you with a +0 short sword.
Blork the orc attacks as you move away!
Blork the orc hits you with a +0 short sword.
Found a stone staircase leading down.
You see here a giant cockroach corpse.
Blork the orc shouts!
You barely miss Blork the orc.
Blork the orc hits you with a +0 short sword.
You hit Blork the orc.
Blork the orc is lightly wounded.
Blork the orc closely misses you. Blork the orc misses you.
You hit Blork the orc.
Blork the orc is lightly wounded.
Blork the orc hits you with a +0 short sword!
* * * LOW HITPOINT WARNING * * *
You hit Blork the orc but do no damage.
Blork the orc is lightly wounded.
Blork the orc misses you.
Blork the orc hits you with a +0 short sword.
* * * LOW HITPOINT WARNING * * *
You barely miss Blork the orc.
Blork the orc is lightly wounded.
Blork the orc barely misses you.
You barely miss Blork the orc.
Blork the orc is lightly wounded.
Blork the orc barely misses you.
Blork the orc hits you with a +0 short sword!
* * * LOW HITPOINT WARNING * * *
You hit Blork the orc but do no damage.
Blork the orc is lightly wounded.
Blork the orc hits you with a +0 short sword.
You die...

###.####
##.[.....#
##.#.#.#>##
#.........#
##.#.#.#.### .
#...@o.....#..
##.#†#)#.#....
#..........#
##.#.#.#.###
#.........#
##.#.#.#.##
###...#...
#.....# ###
#.#<#.#


You could see the neutral Blork the orc (fast, strong, insane).

Vanquished Creatures
  Ijyb (D:3)
  A gnoll (D:3)
  2 adders (D:3)
  4 dart slugs
  4 orcs (D:3)
  10 ball pythons
  8 endoplasms
  6 giant cockroaches
  6 goblins
  6 hobgoblins
  6 jackals (D:2)
  3 quokkas (D:3)
  4 bats
  5 frilled lizards
  7 kobolds
  3 rats
76 creatures vanquished.

Vanquished Creatures (collateral kills)
  A dart slug (D:4)
  An orc (D:3)
  A goblin (D:4)
3 creatures vanquished.

Grand Total: 79 creatures vanquished

Notes
Turn   | Place    | Note
-------+----------+-------------------------------------------
     0 | D:1      | NotreDorf the Merfolk Berserker began the quest for the
                  | Orb.
     0 | D:1      | Reached XP level 1. HP: 18/18 MP: 1/1
    67 | D:1      | Reached XP level 2. HP: 24/24 MP: 2/2
   162 | D:1      | Reached skill level 4 in Long Blades
   350 | D:1      | Reached XP level 3. HP: 25/30 MP: 3/3
   541 | D:1      | Reached ** piety under Trog
   845 | D:2      | Reached XP level 4. HP: 34/37 MP: 4/4
   952 | D:2      | Found a faded altar of an unknown god.
  1982 | D:3      | Reached XP level 5. HP: 33/40 MP: 5/5
  2135 | D:3      | Reached *** piety under Trog
  2268 | D:3      | Noticed Ijyb
  2300 | D:3      | Killed Ijyb
  2301 | D:3      | Reached skill level 5 in Long Blades
  2469 | D:4      | Noticed Blork the orc
  2485 | D:4      | HP: 2/42 [Blork the orc/+0 short sword (7)]
  2486 | D:4      | Slain by Blork the orc

Illustrated notes

Levels and vault maps discovered:
D:1:      mrwooster_arrival_statue, layout_basic
D:2:      layout_basic, chequers_ecumenical_altar_twisty
D:3:      layout_loops_ring, minmay_misc_feat_tower, minmay_joined_circles,
          uniq_ijyb
D:4:      minmay_diamond_boxcup, layout_loops_cross,
          mainiacjoe_overflow_alcove_2, minmay_temple_entry_junction,
          hellmonk_ghost_happy_afterlife, st_stairs_9, uniq_blork_the_orc

Skill      XL: |  1  2  3  4  5 |
---------------+----------------+-----
Dodging        | 3 4 |  4.6
Long Blades    | 4 5 |  5.0
Fighting       | 4 |  4.6
Armour         | |  1.3

Action                     |  1- 3 |  4- 6 || total
---------------------------+-------+-------++-------
  Melee: Falchion          |   135 |   140 ||   275
 Armour: Animal skin       |    26 |    18 ||    44
  Dodge: Dodged            |   100 |   103 ||   203

Table legend: (Time is in decaauts)
 A = Elapsed time spent in this place.
 B = Non-inter-level travel time spent in this place.
 C = Inter-level travel time spent in this place.
 D = Time resting spent in this place.
 E = Time spent auto-exploring this place.
 F = Levels seen in this place.
 G = Mean time per level.
                   A        B        C        D        E       F      G
               +--------+--------+--------+--------+--------+-----+--------+
         Total |   2505 |   2469 |     36 |    225 |   1613 |   4 |  626.2 |
       Dungeon |   2505 |   2469 |     36 |    225 |   1613 |   4 |  626.2 |
               +--------+--------+--------+--------+--------+-----+--------+

Top non-repeatable levels by time:
     D:3: 1267 daAuts
     D:1: 744 daAuts
     D:2: 469 daAuts
     D:4: 24 daAuts
